 Dungeon Crawl Stone Soup version 0.19-a0-1786-g230130f (webtiles) character file.

12722 4thArraOfDagon the Brawler (level 11, -1/84 HPs)
             Began as a Troll Monk on Oct 3, 2016.
             Was a Priest of Qazlal.
             Slain by an orc warrior
             ... wielding a +0 short sword
              (17 damage)
             ... on level 1 of the Orcish Mines.
             The game lasted 00:18:20 (4351 turns).

4thArraOfDagon the Brawler (Troll Monk)             Turns: 4351, Time: 00:18:21

Health: -1/84      AC:  6    Str: 21    XL:     11   Next: 66%
Magic:  11/26      EV: 10    Int: 12    God:    Qazlal [***...]
Gold:   604        SH:  4    Dex: 10    Spells: 0 memorised, 10 levels left

rFire  . . .     SeeInvis .       - Unarmed
rCold  + + .     Gourm    +     a - +0 robe
rNeg   . . .     Faith    +     (no shield)
rPois  +         Spirit   .     (helmet restricted)
rElec  .         Dismiss  .     k - +0 cloak {+Inv}
rCorr  .         Reflect  .     (gloves unavailable)
MR     .....     Harm     .     (boots unavailable)
Stlth  +.........               o - amulet "Nevo" {Faith *Slow rPois Int+3}
                                D - ring of magical power
                                J - ring of protection from cold

@: no status effects
A: unfitting armour, claws 3, clumsy 1, cold resistance 1, fast metabolism 3,
frail 1, gourmand, regeneration 1, shaggy fur 1, tough skin 2
a: Upheaval, Elemental Force, Renounce Religion, Evoke Invisibility


You were on level 1 of the Orcish Mines.
You worshipped Qazlal.
Qazlal was most pleased with you.
You were very full.

You visited 3 branches of the dungeon, and saw 14 of its levels.

You collected 674 gold pieces.
You spent 70 gold pieces at shops.

Inventory:

Hand Weapons
 w - a +1 falchion of flaming
 G - a +0 giant spiked club
Missiles
 E - a throwing net (quivered)
 H - 5 large rocks
Armour
 a - a +0 robe (worn)
 k - a +0 cloak of invisibility (worn)
Magical Staves
 I - an uncursed staff of energy {!a}
Jewellery
 f - an uncursed ring of flight
 o - the amulet "Nevo" (around neck) {Faith *Slow rPois Int+3}
   (You found it on level 5 of the Dungeon)

   [amulet of faith]

   It allows you to gain divine favour quickly.
   It affects your intelligence (+3).
   It protects you from poison.
   It may slow you when you take damage.
 D - a ring of magical power (right claw)
 J - a ring of protection from cold (left claw)
Wands
 p - a wand of polymorph (16/24)
 y - a wand of lightning (7/15)
 B - a wand of slowing (26/48)
Scrolls
 d - 3 scrolls of recharging {unknown}
 e - 6 scrolls of identify
 g - 2 scrolls of fear {unknown}
 h - 5 scrolls of remove curse
 m - 3 scrolls of amnesia
 r - a scroll of random uselessness {unknown}
 v - 4 scrolls of teleportation
 x - 2 scrolls of enchant armour {unknown}
 z - a scroll of fog {unknown}
 A - 2 scrolls of noise {unknown}
 C - 3 scrolls of silence {unknown}
 F - a scroll of enchant weapon {unknown}
Potions
 i - a potion of flight {unknown}
 j - a potion of might {unknown}
 l - 2 potions of beneficial mutation {unknown}
 n - 2 potions of curing
 q - a potion of berserk rage {unknown}
 s - a potion of ambrosia
 t - a potion of degeneration
 u - 2 potions of cancellation
Comestibles
 b - 5 bread rations
 c - 6 meat rations


   Skills:
 - Level 2.4 Fighting
 - Level 2.4 Dodging
 - Level 1.1 Stealth
 * Level 15.1 Unarmed Combat
 + Level 9.6 Invocations


You had 10 spell levels left.
You didn't know any spells.

Dungeon Overview and Level Annotations

Branches:
Dungeon (12/15)            Temple (1/1) D:4            Lair (0/6) D:11
    Orc (1/2) D:12

Altars:
Dithmenos
Elyvilon
Gozag
Kikubaaqudgha
Makhleb
Qazlal
Ru
Sif Muna
Trog
Vehumet
Yredelemnul
Zin
Beogh

Shops:
D:5 [   D:6 *   D:7 [?

Annotations:
D:8 twist's ghost, novice DsTm


Innate Abilities, Weirdness & Mutations

You are too large for most types of armour.
You have claws for hands.
Your metabolism is lightning-fast.
You like to eat raw meat.
Your natural rate of healing is unusually fast.
You are covered in fur. (AC +1)
You have very tough skin. (AC +2)
You are clumsy. (Dex -2)
Your flesh is cold resistant. (rC+)
You are frail. (-10% HP)


Message History

You feel better.
The orc wizard looks braver for a moment.
You block the orc warrior's attack.
Unknown command.
The orc wizard hits you but does no damage.
Unknown command.
You mangle the orc wizard!!
You kill the orc wizard!
Qazlal accepts your kill.
Unknown command.
Unknown command.
You mangle the orc warrior!!
The orc warrior is severely wounded.
Unknown command.
Unknown command.
You scratch the orc warrior but do no damage.
You claw the orc warrior.
The orc warrior is almost dead.
The orc warrior hits you with a short sword!
You die...

####.##.(.................##
#$.......o...............#
............#.#.....#.#.##
##.#.##.#.)(###.........##
.... ##..%###..........#
##$. #.......#)#......## ##
#.................##
##.#......o....#...#
####......@...#...##
#......§.....#.#.##
#....#...##.#.....#
#.....##.###)##.#.##
##....#...#.).)####
#....#....##..)<# ##.##
#....###†## ### ###


You could see an orc warrior.

Vanquished Creatures
  A hydra (D:8)
  3 hill giants
  A deep elf mage (D:12)
  A cyclops (Orc:1)
  2 manticores (D:11)
  The ghost of zkyp the Cudgeler, a novice OpGl (D:7)
  A centaur zombie (D:11)
  4 trolls
  A two-headed ogre (Orc:1)
  3 hippogriffs
  2 dream sheep (D:8)
  A wyvern (D:9)
  2 yaks (D:8)
  A hog (D:11)
  A hungry ghost (D:7)
  A warg (Orc:1)
  Edmund (D:5)
  2 water moccasins
  2 sky beasts
  6 orc warriors
  3 phantoms
  3 black bears
  A necrophage (D:8)
  9 ogres
  2 ice beasts
  8 centaurs
  A crocodile (D:9)
  3 big kobolds (D:8)
  2 bullfrogs
  A gnoll sergeant (D:8)
  A wyvern skeleton (D:12)
  4 scorpions
  7 wights
  A howler monkey (D:8)
  3 crimson imps
  A centaur skeleton (D:8)
  2 jellies
  8 orc priests
  7 hounds
  A bullfrog skeleton (D:4)
  4 iguanas
  8 orc wizards
  7 worker ants
  2 hound zombies (D:7)
  A howler monkey zombie (D:7)
  3 gnolls (D:8)
  11 adders
  A shadow imp (D:12)
  2 adder zombies
  An adder skeleton (D:5)
  2 leopard geckos
  41 orcs
  A bat (D:3)
  2 giant cockroaches
  2 hobgoblins
  13 jackals
  2 kobolds (D:3)
  3 quokkas
  A ball python (D:3)
  2 goblins
  4 rats
218 creatures vanquished.

Notes
Turn   | Place    | Note
-------+----------+-------------------------------------------
     0 | D:1      | 4thArraOfDagon the Troll Monk began the quest for the Orb.
     0 | D:1      | Reached XP level 1. HP: 22/22 MP: 0/0
    47 | D:2      | Reached XP level 2. HP: 29/29 MP: 1/1
    60 | D:2      | Reached skill level 4 in Unarmed Combat
   261 | D:3      | Reached XP level 3. HP: 31/36 MP: 2/2
   437 | D:3      | lab
   538 | D:4      | 4thArraOfDagon: free 500turns
   546 | D:4      | Found a shadowy altar of Dithmenos.
   546 | D:4      | Found a deep blue altar of Sif Muna.
   558 | D:4      | Found a staircase to the Ecumenical Temple.
   569 | Temple   | Entered the Ecumenical Temple
   634 | Temple   | Became a worshipper of Qazlal Stormbringer
   634 | Temple   | Reached * piety under Qazlal
   634 | Temple   | Reached ** piety under Qazlal
   698 | D:4      | Noticed a scorpion
   710 | D:4      | Killed a scorpion
   710 | D:4      | Reached skill level 5 in Unarmed Combat
   710 | D:4      | Reached skill level 1 in Invocations
   710 | D:4      | Reached XP level 4. HP: 44/44 MP: 3/3
   753 | D:4      | Reached XP level 5. HP: 46/50 MP: 4/4
   847 | D:5      | Entered Level 5 of the Dungeon
   849 | D:5      | Noticed a water moccasin
   855 | D:5      | Killed a water moccasin
   855 | D:5      | Reached skill level 6 in Unarmed Combat
   855 | D:5      | Reached XP level 6. HP: 27/59 MP: 6/6
   900 | D:5      | Noticed Edmund
   908 | D:5      | Killed Edmund
   960 | D:5      | Found a sacrificial altar of Ru.
   969 | D:5      | Reached skill level 7 in Unarmed Combat
  1100 | D:5      | Got a slimy golden amulet
  1101 | D:5      | Identified the amulet "Nevo" {Faith *Slow rPois Int+3} (You found it on level 5 of the Dungeon)
  1113 | D:5      | Reached XP level 7. HP: 65/66 MP: 8/8
  1177 | D:5      | Found Etiyb's Armour Shoppe.
  1381 | D:6      | Reached skill level 8 in Unarmed Combat
  1482 | D:6      | Reached XP level 8. HP: 38/74 MP: 8/10
  1513 | D:6      | Found an opulent altar of Gozag.
  1516 | D:6      | Found Gozag's Platinum Reserve.
  1619 | D:7      | Reached *** piety under Qazlal
  1623 | D:7      | Reached skill level 9 in Unarmed Combat
  1877 | D:7      | Found Qigait's Armour Emporium.
  1915 | D:7      | Reached skill level 10 in Unarmed Combat
  1915 | D:7      | Reached skill level 5 in Invocations
  1934 | D:7      | Found Jorchioxe's Magic Scroll Shop.
  1978 | D:7      | Bought a scroll of teleportation for 42 gold pieces
  1978 | D:7      | Bought a scroll of identify for 28 gold pieces
  2013 | D:7      | Reached XP level 9. HP: 56/80 MP: 12/12
  2042 | D:7      | Noticed zkyp's ghost (novice OpGl)
  2052 | D:7      | Reached **** piety under Qazlal
  2085 | D:7      | Killed zkyp's ghost
  2234 | D:8      | Reached skill level 11 in Unarmed Combat
  2278 | D:8      | Found a white marble altar of Elyvilon.
  2300 | D:7      | Found a white marble altar of Elyvilon.
  2355 | D:8      | Noticed twist's ghost (novice DsTm)
  2526 | D:9      | Found a bloodstained altar of Trog.
  2640 | D:9      | Noticed a troll
  2646 | D:9      | Killed a troll
  2646 | D:9      | Reached skill level 12 in Unarmed Combat
  2762 | D:9      | Reached XP level 10. HP: 87/87 MP: 14/14
  2831 | D:8      | Noticed a three-headed hydra
  2847 | D:8      | Killed a one-headed hydra
  2850 | D:8      | Reached ***** piety under Qazlal
  2869 | D:8      | Reached skill level 13 in Unarmed Combat
  2925 | D:8      | Gained mutation: You are frail. (-10% HP) [potion of mutation]
  2925 | D:8      | Gained mutation: You are clumsy. (Dex -2) [potion of mutation]
  2925 | D:8      | Gained mutation: Your flesh is cold resistant. (rC+) [potion of mutation]
  3023 | D:10     | Entered Level 10 of the Dungeon
  3059 | D:10     | Noticed a hill giant
  3085 | D:10     | Killed a hill giant
  3198 | D:11     | Noticed a hill giant
  3211 | D:11     | Noticed a hill giant
  3214 | D:11     | Killed a hill giant
  3214 | D:11     | Killed a hill giant
  3214 | D:11     | Reached XP level 11. HP: 40/83 MP: 16/16
  3220 | D:11     | Reached skill level 14 in Unarmed Combat
  3327 | D:12     | Noticed a deep elf mage
  3342 | D:12     | Killed a deep elf mage
  3529 | D:11     | Found a staircase to the Lair.
  4089 | D:12     | Found a roughly hewn altar of Beogh.
  4092 | D:12     | Found a staircase to the Orcish Mines.
  4154 | Orc:1    | Entered Level 1 of the Orcish Mines
  4308 | Orc:1    | Reached skill level 15 in Unarmed Combat
  4351 | Orc:1    | Slain by an orc warrior

Vault maps used:
D:1:      saegor_arrival_simple_b
D:2:      kennysheep_goblin_castle
D:3:      okawaru_altar_gauntlet_db
D:4:      gammafunk_temple_overflow_wave, first_bread
D:5:      nicolae_ru_sacrificial_ziggurat, fedhas_altar_4, serial_shops, shop,
          uniq_edmund
D:6:      nicolae_gozag_zags_fifth_avenue
D:7:      nicolae_overflow_crystal_walls, serial_shops, shop, kennysheep_mini,
          shop_fountains, shop, shop
D:8:      basic_altar, hangedman_ranch, small_chamber_with_monster
D:9:      kennysheep_little_box, amethyst_overflow_temple_binary,
          trog_ov_bears_minmay, uniq_erica
D:10:     zaba_antful_of_joy
D:11:     lair_0_dummy
D:12:     david_orc_5, serial_park_tiny_pond, uniq_kirke
Temple:   hc_temple_tempest_star

Skill      XL: |  1  2  3  4  5  6  7  8  9 10 11 |
---------------+----------------------------------+-----
Unarmed Combat | 4 5 6 7 8 10 12 13 15 | 15.1
Invocations    | 1 2 4 5 7 8 9 |  9.6
Fighting       | |  2.4
Dodging        | |  2.4
Stealth        | |  1.1

Action                   |  1- 3 |  4- 6 |  7- 9 | 10-12 || total
-------------------------+-------+-------+-------+-------++-------
Melee: Unarmed           |    78 |    27 |   301 |   233 ||   639
       Punch             |     1 |       |     9 |    15 ||    25
       Falchion          |       |       |       |     6 ||     6
Invok: Upheaval          |       |       |     1 |    18 ||    19
  Use: Potion            |     1 |     1 |       |     5 ||     7
       Scroll            |       |       |     4 |     5 ||     9
 Stab: Sleeping          |     3 |       |       |       ||     3
  Eat: Chunk             |     6 |     6 |    26 |    14 ||    52
Armor: Robe              |    25 |     1 |    56 |    59 ||   141
       Skin              |       |       |       |    21 ||    21
Dodge: Dodged            |    34 |     7 |    97 |    91 ||   229
       Deflected         |       |       |     1 |     5 ||     6
Block: Other             |     1 |       |    40 |    62 ||   103
